Map: Cyber Forest LE

Players

bgdaddy

  • Race: Protoss Protoss
  • League: Diamond
  • Spawn Location: 5:00

CursOr - Winner!

  • Race: Zerg Zerg
  • League: Diamond
  • Spawn Location: 11:00

VOD

Have the link to the VOD?

Description

gmcursor

Time

  • Played on: Feb. 16, 2019, 3:14 a.m.
  • Length: 16:16
Show
View Real Time Build Order
Export as new Build Order

bgdaddy Protoss 

Build Orders: Carriers 

Get SALT Encoding   

  12  0:01  Probe  
  13  0:13  Probe  
  14  0:24  Pylon  
  14  0:25  Probe  
  15  0:41  Probe  
  16  0:47  Gateway  
  16  0:50  Probe  
  17  0:58  Probe  
  17  1:03  Assimilator  
  18  1:06  Probe  
  18  1:08  Assimilator  
  19  1:11  Pylon  
  19  1:14  Probe  
  19  1:23  Probe  
  21  1:35  Probe  
  21  1:39  Cybernetics Core  
  22  1:53  Probe  
  23  2:04  Nexus  
  23  2:05  Adept  
  23  2:09  Pylon  
  25  2:21  Shield Battery  
  25  2:22  Warp Gate  
  25  2:26  Probe  
  26  2:36  Stargate  
  26  2:42  Probe  
  27  2:48  Pylon  
  27  2:54  Probe  
  28  3:03  Probe, Adept  
  30  3:11  Probe  
  31  3:15  Void Ray  
  31  3:18  Probe  
  33  3:20  Probe  
  38  3:30  Probe  
  38  3:32  Probe  
  40  3:39  Gateway  
  40  3:44  Gateway  
  40  3:49  Pylon  
  40  3:51  Probe  
  41  4:01  Probe  
  42  4:03  Probe  
  42  4:06  Void Ray  
  42  4:09  Probe  
  47  4:15  Probe  
  49  4:19  Adept  
  51  4:45  Fleet Beacon  
  51  4:46  Probe  
  51  4:49  Twilight Council  
  50  4:58  Nexus  
  48  5:10  Robotics Facility  
  48  5:12  Probe  
  48  5:13  Assimilator  
  49  5:14  Assimilator  
  49  5:16  Probe  
  50  5:26  Charge, Probe  
  50  5:28  Probe, Gateway  
  52  5:30  Gateway  
  52  5:32  Gateway  
  52  5:38  Probe  
  52  5:40  Probe  
  54  5:43  Zealot x2  
  58  5:51  Probe  
  58  5:52  Probe  
  60  6:03  Probe  
  61  6:04  Probe  
  58  6:13  Zealot x3  
  64  6:21  Pylon, Probe x2  
  66  6:30  Zealot x2  
  66  6:37  Tempest  
  66  6:38  Probe x2  
  71  6:43  Probe  
  72  6:48  Zealot x3  
  72  6:49  Zealot  
  72  6:50  Probe  
  81  6:55  Adept  
  81  6:56  Adept  
  81  6:59  Probe x2  
  87  7:02  Probe  
  88  7:09  Adept x2  
  90  7:22  Pylon  
  90  7:23  Pylon  
  90  7:24  Probe  
  91  7:30  Zealot  
  93  7:39  Pylon  
  93  7:40  Carrier, Probe  
  100  7:52  Probe  
  100  7:54  Pylon  
  100  7:55  Pylon  
  100  7:58  Pylon  
  101  8:04  Probe  
  102  8:07  Templar Archives  
  102  8:11  Adept x2  
  106  8:16  Probe  
  105  8:33  Zealot x3  
  105  8:34  Zealot x3  
  95  8:44  Carrier  
  95  8:46  Stargate x2  
  95  8:47  Stargate  
  99  8:49  Probe  
  99  8:50  Probe x2  
  102  9:01  Probe  
  102  9:02  Probe x2  
  105  9:06  Zealot x4  
  105  9:07  Zealot  
  115  9:12  Protoss Air Weapons Level 1  
  115  9:19  Zealot  
  117  9:28  Nexus  
  110  9:38  Carrier, Zealot  
  110  9:39  Zealot x4  
  110  9:40  Zealot  
  110  9:43  Carrier x3  
  97  10:01  Zealot x2  
  97  10:02  Zealot x2  
  97  10:06  Zealot x2  
  109  10:23  Assimilator  
  109  10:25  Zealot x3, Assimilator  
  109  10:26  Zealot  
  109  10:28  Zealot x2  
  121  10:53  Zealot x2  
  121  10:54  Zealot x3  
  121  10:55  Zealot  
  121  11:10  Nexus  
  121  11:15  Pylon x2  
  121  11:19  High Templar  
  121  11:20  High Templar x5  
  121  11:24  Archon x3  
  112  11:50  Shield Battery x2  
  112  11:51  Zealot  
  112  11:52  Zealot x2  
  118  11:54  High Templar  
  118  11:55  High Templar x2  
  118  11:59  Shield Battery  
  118  12:00  Probe  
  118  12:01  Probe  
  126  12:10  Forge  
  126  12:12  Archon, Probe  
  126  12:13  Probe  
  128  12:15  Forge  
  128  12:18  Protoss Air Weapons Level 2  
  128  12:20  Zealot, Assimilator  
  128  12:22  Assimilator  
  130  12:25  Zealot  
  130  12:26  Zealot  
  130  12:27  Probe x2  
  130  12:28  Probe  
  137  12:37  Zealot x2  
  137  12:39  Probe  
  137  12:40  Probe x2  
  137  12:43  Zealot  
  146  13:11  Photon Cannon  
  146  13:13  Photon Cannon x2  
  146  13:14  Photon Cannon  
  80  13:42  High Templar x6  
  80  13:46  Archon x3  
  80  13:48  Carrier  
  74  14:03  Nexus  
  74  14:10  Photon Cannon  
  74  14:15  Zealot x4  
  74  14:16  Zealot x2  
  66  14:37  High Templar x2  
  66  14:38  High Templar  
  70  14:42  High Templar  
  72  14:54  Archon  
  72  14:55  Archon  
  72  14:56  Zealot  
  72  14:57  Zealot  
  76  15:18  High Templar x2  
  80  15:33  Archon  
  80  15:51  Nexus  
  68  16:11  Zealot  
Show
View Real Time Build Order
Export as new Build Order

CursOr Zerg - Winner!

Build Orders: Hatch First 

Get SALT Encoding   

  12  0:01  Drone  
  13  0:12  Overlord  
  13  0:23  Drone  
  14  0:31  Drone x2  
  14  0:35  Drone  
  17  0:54  Hatchery  
  17  0:57  Drone  
  17  1:04  Extractor, Drone  
  17  1:13  Drone  
  18  1:22  Spawning Pool  
  18  1:23  Drone  
  18  1:29  Drone  
  19  1:39  Drone  
  20  1:50  Drone  
  21  2:02  Overlord  
  21  2:12  Drone  
  21  2:15  Drone  
  23  2:23  Hatchery  
  23  2:24  Queen  
  23  2:25  Queen  
  26  2:30  Drone  
  26  2:31  Drone  
  26  2:34  Drone  
  29  2:37  Drone  
  29  2:39  Drone  
  31  2:48  Drone  
  31  2:49  Metabolic Boost  
  32  2:53  Drone  
  32  2:56  Drone  
  34  3:00  Drone  
  36  3:05  Drone  
  36  3:19  Evolution Chamber  
  35  3:20  Drone  
  35  3:22  Evolution Chamber  
  35  3:30  Drone  
  36  3:34  Queen  
  36  3:35  Drone  
  36  3:36  Drone x3  
  42  3:42  Overlord x2  
  42  3:48  Extractor x2  
  41  3:50  Zerg Ground Armor Level 1  
  40  3:56  Drone  
  40  4:00  Drone  
  40  4:01  Drone x2  
  40  4:02  Drone x2  
  46  4:03  Drone  
  47  4:22  Zerg Melee Weapons Level 1  
  47  4:24  Overlord x2  
  47  4:29  Zergling x18  
  56  4:38  Queen  
  56  4:42  Spore Crawler, Queen x2  
  56  4:44  Spore Crawler  
  60  4:51  Drone x8  
  66  5:06  Overlord x2  
  66  5:17  Spore Crawler  
  65  5:31  Lair  
  65  5:34  Zergling x2  
  65  5:35  Zergling x24  
  78  5:40  Overlord x3  
  78  5:48  Drone  
  78  5:49  Drone x2  
  81  5:52  Extractor  
  80  6:16  Zergling x26  
  93  6:22  Overlord x2  
  93  6:27  Drone  
  93  6:32  Hydralisk Den  
  92  6:37  Drone x7  
  92  6:39  Overlord  
  98  6:40  Overlord  
  95  7:02  Muscular Augments  
  95  7:03  Zerg Missile Weapons Level 1, Zerg Ground Armor Level 2  
  89  7:25  Extractor  
  89  7:26  Extractor  
  89  7:27  Hydralisk  
  89  7:28  Hydralisk x11  
  111  7:30  Overlord  
  111  7:37  Hatchery  
  111  7:39  Overlord x2  
  111  7:40  Overlord x2  
  111  7:42  Hydralisk  
  112  7:57  Hydralisk  
  112  7:58  Hydralisk x5  
  124  8:10  Spire  
  123  8:14  Grooved Spines  
  123  8:18  Hydralisk x4  
  131  8:22  Extractor  
  131  8:23  Hydralisk x2  
  131  8:26  Extractor  
  122  8:42  Drone x3  
  122  8:43  Drone x3  
  128  8:55  Hydralisk x3  
  128  8:56  Hydralisk x5  
  128  8:59  Overlord  
  144  9:10  Overlord x2  
  144  9:14  Drone x4  
  144  9:15  Drone x4  
  152  9:25  Hydralisk x3  
  152  9:26  Hydralisk  
  154  9:45  Hydralisk x7  
  144  9:50  Zergling x8  
  157  9:54  Overlord  
  157  10:02  Drone x3  
  157  10:03  Drone x3  
  163  10:07  Pneumatized Carapace  
  163  10:10  Overseer x2  
  163  10:32  Drone x4  
  163  10:33  Drone x3  
  170  10:36  Spine Crawler  
  170  10:38  Spine Crawler x2  
  170  10:41  Spore Crawler  
  164  10:54  Queen  
  164  10:58  Corruptor x9  
  164  11:02  Corruptor  
  183  11:24  Corruptor x6  
  195  11:44  Hydralisk x2  
  199  12:07  Spore Crawler, Drone x2  
  200  12:10  Spine Crawler  
  175  12:52  Hydralisk  
  175  12:53  Hydralisk x7  
  175  13:01  Hydralisk x4  
  183  13:23  Queen  
  183  13:24  Queen  
  171  13:29  Zergling x20  
  171  13:30  Zergling x40  
  141  14:03  Queen  
  113  14:27  Hydralisk  
  113  14:28  Hydralisk x11  
  125  14:43  Hydralisk x2  
  125  14:44  Hydralisk x8  
  145  14:57  Extractor  
  145  14:58  Spine Crawler, Hatchery  
  142  15:00  Spine Crawler, Spore Crawler, Extractor  
  139  15:09  Hydralisk x15  
  169  15:17  Overlord x3  
  169  15:25  Hydralisk  
  169  15:26  Hydralisk x3  
  177  15:44  Drone x3  
  177  15:45  Drone x2  
  177  15:47  Drone  
  183  15:50  Hydralisk x4  
  183  15:51  Hydralisk  
Tags
 
Composition
Carriers
Matchup
PvZ
Spawn Locations
Cross Positions
Add a new tag
Caveats
  • Supply blocks, unpowered buildings, or Contaminate may cause inaccurate times.
  • Supply counts are checked every 10 seconds.